 Dungeon Crawl Stone Soup version 0.26-a0-712-ga5a9c9c9d0 (webtiles) character file.

Game seed: 10393317979817536126

683 Apogee the Ruffian (level 7, -1/60 HPs)
             Began as a Black Draconian Transmuter on Nov 2, 2020.
             Was an Initiate of Vehumet.
             Splashed by a jelly's acid (10 damage)
             ... on level 5 of the Dungeon.
             The game lasted 00:05:58 (4608 turns).

Apogee the Ruffian (Black Draconian Transmuter)     Turns: 4608, Time: 00:05:59

Health: -1/60      AC:  2    Str: 13    XL:     7   Next: 35%
Magic:  8/10       EV: 12    Int: 15    God:    Vehumet [......]
Gold:   179        SH:  0    Dex: 11    Spells: 6/10 levels left

rFire    . . .     SeeInvis .     - Unarmed
rCold    . . .     Faith    .   (no shield)
rNeg     . . .     Spirit   .   (armour unavailable)
rPois    +         Reflect  .   (helmet currently unavailable)
rElec    +         Harm     .   (no cloak)
rCorr    .         Rampage  .   (no gloves)
MR       .....                  (boots currently unavailable)
Stlth    +.........             (no amulet)
HPRegen  0.20/turn              s - ring of poison resistance
MPRegen  0.12/turn              (no ring)

@: short of breath, appendages, corroded, very slightly contaminated, lightly
drained
A: breathe lightning, unfitting armour, horns 2, talons 2, electricity
resistance, cold-blooded, AC +6
a: Breathe Lightning, End Transformation, Renounce Religion


You were on level 5 of the Dungeon.
You worshipped Vehumet.
Vehumet was noncommittal.
You had grown temporary horns.
You had grown temporary talons.
You visited 2 branches of the dungeon, and saw 6 of its levels.

You collected 179 gold pieces.

Inventory:

Missiles
 m - 74 stones (quivered)
Armour
 r - a +0 kite shield
   (You found it on level 3 of the Dungeon)
Jewellery
 s - a ring of poison resistance (left hand)
   (You found it on level 3 of the Dungeon)
Scrolls
 a - 2 scrolls of remove curse {unknown}
 b - 6 scrolls of identify {unknown}
 c - a scroll of teleportation {unknown}
 h - a scroll of enchant weapon {unknown}
 j - 3 scrolls of fog {unknown}
 k - a scroll of magic mapping {unknown}
 n - a scroll of blinking {unknown}
 o - a scroll of amnesia {unknown}
 t - a scroll of enchant armour {unknown}
 u - a scroll of noise {unknown}
Potions
 d - 4 potions of stabbing {unknown}
 e - a potion of degeneration {unknown}
 f - 2 potions of might {unknown}
 g - a potion of lignification {unknown}
 i - 3 potions of mutation {unknown}
 l - a potion of curing {unknown}
 p - a potion of heal wounds {unknown}
 q - 2 potions of berserk rage {unknown}


   Skills:
 + Level 4.5(4.3) Fighting
 - Level 1.7(1.5) Dodging
 * Level 6.6(6.4) Unarmed Combat
 - Level 2.0(1.8) Spellcasting
 - Level 4.0(3.7) Transmutations


You had 6 spell levels left.
You knew the following spells:

 Your Spells              Type           Power        Failure   Level
a - Beastly Appendage     Tmut           ##....       4%          1
x - Spider Form           Tmut/Pois      #.........   30%         3

Your spell library contained the following spells:

 Spells                   Type           Power        Failure   Level
 Wereblood                Tmut           ##......     8%          2
 Ice Form                 Ice/Tmut       #.......     71%         4
 Blade Hands              Tmut           ##........   80%         5


Dungeon Overview and Level Annotations

Branches:
Dungeon (5/15)             Temple (1/1) D:4

Altars:
Ashenzari
Dithmenos
Fedhas
Gozag
Hepliaklqana
Kikubaaqudgha
Makhleb
Nemelex Xobeh
Qazlal
Ru
Sif Muna
Trog
Uskayaw
Vehumet
Wu Jian
Yredelemnul
Zin

Annotations:
D:2 1 runed translucent door, Crazy Yiuf


Innate Abilities, Weirdness & Mutations

You can breathe wild blasts of lightning.
Your glossy black scales are hard. (AC +6)
You cannot fit into any form of body armour.
You are resistant to electric shocks. (rElec)
You are cold-blooded and may be slowed by cold attacks.
You have a pair of horns on your head.
You have razor-sharp toenails.


Message History

The orc hits you but does no damage.
You are too injured to fight recklessly!
You are too injured to fight recklessly!
You are too injured to fight recklessly!
You are too injured to fight recklessly!
You are too injured to fight recklessly!
You closely miss the orc. Your kick misses the orc. You headbutt the orc.
You tail-slap the orc, but do no damage.
You hit the orc.
You kill the orc!
Vehumet accepts your kill.
Your transformation is almost over.
Things that are here:
a +2 dagger of flaming; a +0 ring mail You start resting.
You feel sick.
You are no longer poisoned.
You start resting.
Your horns disappear.
Your talons disappear.
A jelly comes into view.
A jelly is nearby!
The jelly quivers.
You miscast Beastly Appendage.
You are very lightly contaminated with residual magic.
Nothing appears to happen.
The jelly hits you.
You are splashed with acid.
You punch the jelly! The acid corrodes you!
Your hands burn!
You tail-slap the jelly, but do no damage.
The jelly hits you.
You are splashed with acid.
* * * LOW HITPOINT WARNING * * *
You are too injured to fight recklessly!
You are too injured to fight recklessly!
You are too injured to fight recklessly!
You are too injured to fight recklessly!
Unknown command.
You breathe a wild blast of lightning!
The orb of electricity explodes!
The orb of electricity engulfs you. You resist.
* * * LOW HITPOINT WARNING * * *
The orb of electricity explodes!
You hear an angry hiss.
The jelly hits you.
* * * LOW HITPOINT WARNING * * *
You are splashed with acid!
* * * LOW HITPOINT WARNING * * *
You grow a pair of large bovine horns.
Your feet morph into talons.
The jelly barely misses you.
You hit the jelly but do no damage.
Your hands burn!
* * * LOW HITPOINT WARNING * * *
You tail-slap the jelly. The jelly hits you.
* * * LOW HITPOINT WARNING * * *
You are splashed with acid!
You die...

# .#> ..<########+##
.........#...# .
.........#...######..
........)J(.........#
........@#..........#
.......))#..........+
.........####.......#
.........# #.......#
.........# #.......#
.........# #.......#
.........# #.......#
.........# ###+#####
.........######+#


You could see a jelly.

Vanquished Creatures
  Grinder (D:3)
  A centaur (D:5)
  A scorpion (D:4)
  A howler monkey (D:4)
  2 orc priests (D:3)
  A hound (D:2)
  A centaur skeleton (D:2)
  A worker ant (D:5)
  9 adders
  A white imp (D:5)
  An ooze (D:1)
  2 worms
  5 dart slugs
  4 leopard geckos
  6 orcs
  3 bats
  3 giant cockroaches
  6 goblins
  A hobgoblin (D:3)
  8 jackals
  4 kobolds
  5 frilled lizards
  5 rats
72 creatures vanquished.

Notes
Turn   | Place    | Note
-------+----------+-------------------------------------------
     0 | D:1      | Apogee the Draconian Transmuter began the quest for the
                  | Orb.
     0 | D:1      | Reached XP level 1. HP: 16/16 MP: 3/3
   241 | D:1      | Reached XP level 2. HP: 15/23 MP: 3/5
  1069 | D:2      | Reached XP level 3. HP: 29/29 MP: 4/6
  1101 | D:2      | Reached skill level 4 in Unarmed Combat
  1425 | D:2      | Reached XP level 4. HP: 37/37 MP: 5/7
  2270 | D:2      | Reached skill level 5 in Unarmed Combat
  2270 | D:2      | Reached XP level 5. HP: 34/45 MP: 8/8
  2440 | D:2      | Found a runed translucent door.
  2441 | D:2      | Noticed Crazy Yiuf
  2588 | D:3      | Noticed Grinder
  2595 | D:3      | Learned a level 3 spell: Spider Form
  2610 | D:3      | Paralysed by Grinder for 5 turns
  2616 | D:3      | Killed Grinder
  2616 | D:3      | Reached XP level 6. HP: 24/51 MP: 4/9
  3813 | D:4      | Found a hide-covered altar of Uskayaw.
  3867 | D:4      | Found a staircase to the Ecumenical Temple.
  3879 | Temple   | Entered the Ecumenical Temple
  3936 | Temple   | Became a worshipper of Vehumet
  3970 | D:4      | Reached skill level 6 in Unarmed Combat
  4126 | D:4      | Your scales start taking on a glossy black colour.
  4126 | D:4      | Reached XP level 7. HP: 39/59 MP: 10/10
  4126 | D:4      | Gained mutation: You are resistant to electric shocks.
                  | (rElec) [Black Draconian growth]
  4373 | D:4      | Found a shimmering blue altar of Sif Muna.
  4376 | D:4      | Found a hazy altar of Hepliaklqana.
  4379 | D:4      | Found a stormy altar of Qazlal.
  4420 | D:5      | Entered Level 5 of the Dungeon
  4608 | D:5      | Splashed by a jelly's acid

Illustrated notes

Levels and vault maps discovered:
D:1:      psy_arrival_terrarium, layout_basic
D:2:      layout_basic, uniq_crazy_yiuf_cottage
D:3:      minmay_door_path, layout_basic, uniq_grinder
D:4:      layout_basic, old_standard_altar, grunt_temple_overflow_diamond,
          temple_statues
D:5:      layout_basic, ebering_ghost_disaster_area
Temple:   nicolae_temple_god_jail

Skill      XL: |  1  2  3  4  5  6 |
---------------+-------------------+-----
Fighting       | 2 3 4 |  4.5
Unarmed Combat | 4 5 6 |  6.6
Transmutations | 4 |  4.0
Dodging        | |  1.7
Spellcasting   | |  2.0

Action                   |  1- 3 |  4- 6 |  7- 9 || total
-------------------------+-------+-------+-------++-------
Melee: Unarmed           |    79 |   166 |    39 ||   284
       Headbutt          |     8 |    17 |     2 ||    27
       Kick              |     8 |    14 |     1 ||    23
       Tailslap          |     5 |     8 |     6 ||    19
       Punch             |     1 |     2 |     1 ||     4
 Cast: Beastly Appendage |    12 |     7 |     3 ||    22
       Spider Form       |       |     1 |       ||     1
 Abil: Breathe Lightning |       |       |     3 ||     3
 Stab: Sleeping          |       |     1 |       ||     1
Armor: Skin              |    23 |    39 |     5 ||    67
Dodge: Dodged            |    46 |    86 |    21 ||   153

Table legend: (Time is in decaauts)
 A = Elapsed time spent in this place.
 B = Non-inter-level travel time spent in this place.
 C = Inter-level travel time spent in this place.
 D = Time resting spent in this place.
 E = Time spent auto-exploring this place.
 F = Levels seen in this place.
 G = Mean time per level.
                   A        B        C        D        E       F      G
               +--------+--------+--------+--------+--------+-----+--------+
         Total |   4579 |   4516 |     63 |    351 |   3544 |   6 |  763.2 |
       Dungeon |   4508 |   4458 |     50 |    351 |   3531 |   5 |  901.6 |
        Temple |     71 |     58 |     13 |      0 |     13 |   1 |   71.0 |
               +--------+--------+--------+--------+--------+-----+--------+

Top non-repeatable levels by time:
     D:2: 1397 daAuts
     D:3: 1202 daAuts
     D:1: 1059 daAuts
     D:4: 664 daAuts
     D:5: 183 daAuts
  Temple: 71 daAuts
